 Dungeon Crawl Stone Soup version 0.30.1-9-gdf580d7c3d (webtiles) character file.

Game seed: 8917181570143876334

469 lonewolfV2 the Chopper (level 6, 0/76 HPs)
             Began as a Demonspawn Fighter on Oct 23, 2023.
             Was a Plaything of Xom.
             Slain by an orc
             ... wielding a +0 war axe
              (8 damage)
             ... on level 5 of the Dungeon.
             The game lasted 00:06:35 (4141 turns).

lonewolfV2 the Chopper (Demonspawn Fighter)         Turns: 4141, Time: 00:06:36

Health: 0/76       AC: 23    Str: 19    XL:     6   Next: 82%
Magic:  6/6        EV:  2    Int:  9    God:    Xom [.*....]
Gold:   302        SH:  0    Dex: 18    Spells: 5/5 levels left

rFire   + . .        a - +0 war axe
rCold   . . .        c - +1 buckler
rNeg    . . .        b - melded +0 scale mail
rPois   +            l - melded +0 helmet
rElec   .            (cloak currently unavailable)
rCorr   .            t - melded +0 pair of gloves
SInv    .            f - melded +1 pair of boots
Will    .....        (no amulet)
Stlth   +            h - +6 ring of dexterity
HPRegen 0.32/turn    n - ring of protection from fire
MPRegen 0.20/turn

%: no passive effects
@: confused, mighty, tree-form, ambrosia-drunk
A: stationary, stasis, torment immunity, boosted hp, (claws 1), (yellow scales
1), magic regeneration
a: Renounce Religion


You were on level 5 of the Dungeon.
You worshipped Xom.
You were a plaything of Xom.
You were a tree.
You visited 1 branch of the dungeon, and saw 5 of its levels.

You collected 302 gold pieces.

Inventory:

Hand Weapons
 a - a +0 war axe (weapon)
Armour
 b - a +0 scale mail (melded)
 c - a +1 buckler (worn)
 f - a +1 pair of boots (melded)
 l - a +0 helmet (melded)
 t - a +0 pair of gloves (melded)
Jewellery
 h - a +6 ring of dexterity (left branch)
 n - a ring of protection from fire (right branch)
Wands
 m - a wand of light (3) (quivered)
 o - a wand of flame (7)
Scrolls
 i - 2 scrolls of blinking
 j - a scroll of identify
 q - a scroll of brand weapon {unknown}
Potions
 d - a potion of might
 g - a potion of brilliance
 p - a potion of haste {unknown}
 r - a potion of flight {unknown}
 s - a potion of resistance {unknown}


   Skills:
 + Level 5.3 Fighting
 + Level 5.4 Axes
 - Level 2.6 Armour
 - Level 2.6 Shields


You had 5 spell levels left.
You didn't know any spells.
Your spell library contained the following spells:

 Spells                   Type           Power      Damage    Failure   Level
 Slow                     Hex            0%         N/A       45%         1
 Static Discharge         Conj/Air       0%         2-2/arc   61%         2
 Confusing Touch          Hex            0%         N/A       83%         3
 Vampiric Draining        Necr           0%         2d6       83%         3
 Airstrike                Air            0%         2d(0-16)  99%         4
 Summon Lightning Spire   Summ/Air       0%         N/A       99%         4


Dungeon Overview and Level Annotations

Branches:
Dungeon (5/15)
 Temple: D:4-7

Altars:
Uskayaw
Xom

Shops:
D:5 [


Innate Abilities, Weirdness & Mutations

You are a tree.
Your roots penetrate the ground, keeping you stationary.
You cannot be teleported.
You are immune to unholy pain and torment.
Your maximum health is greatly increased.
Your equipment is partially melded.
((You have sharp fingernails.))
((You are partially covered in yellow scales. (AC +2)))
You regenerate magic rapidly.


Message History

The orc hits you with a +1 morningstar of protection.
* * * LOW HITPOINT WARNING * * *
The orc hits you but does no damage.
The orc priest hits you but does no damage. x3
The orc hits you but does no damage. The orc hits you but does no damage.
The orc hits you with a +0 war axe.
* * * LOW HITPOINT WARNING * * *
The orc priest hits you but does no damage.
The orc priest barely misses you. The orc barely misses you.
The orc priest hits you but does no damage.
You feel less confused. The orc hits you but does no damage.
The orc priest hits you but does no damage.
The orc hits you but does no damage.
The orc priest hits you but does no damage. x2
The orc hits you but does no damage. The orc hits you but does no damage. x2
The orc priest hits you but does no damage.
The orc priest hits you with a +0 flail.
* * * LOW HITPOINT WARNING * * *
You block the orc priest's attack. The orc hits you but does no damage.
The orc hits you but does no damage. You block the orc's attack.
The orc priest hits you but does no damage. x3
The orc hits you with a +0 flail.
* * * LOW HITPOINT WARNING * * *
You are confused.
You feel invigorated. "This might be better!"
The orc changes into a shapeshifter!
The shapeshifter changes into a wind drake!
The orc hits you with a +0 flail.
* * * LOW HITPOINT WARNING * * *
The orc hits you but does no damage.
The orc priest hits you but does no damage.
The orc priest hits you with a +0 flail.
* * * LOW HITPOINT WARNING * * *
The orc priest hits you but does no damage.
The orc hits you with a +0 war axe!
You die...
Xom cackles wildly!

#.......# #.......#
###### ##........
....! .......# #
#..########.....# 5
#.##'#.......)....##
#..'∩'.#####?..)....
#.##k#....##†#'#..##
#♣o......#.#.#..##
#.ooo####..#.#.#....
#...o.....<..#.##.##
#....######..#.##.##
#............#.##.#.
##...#######.#.##.#.
..... ..# #.#.
.....# #.# #.#. ...
#.#.


You could see a wind drake shaped shifter, 3 orc priests and 2 orcs.

Vanquished Creatures
  Pargi (D:3)
  A black bear (D:4)
  2 hounds (D:5)
  Crazy Yiuf (D:3)
  2 orc priests
  An orc wizard (D:5)
  An iguana (D:4)
  4 adders
  A worm (D:5)
  A dart slug (D:1)
  6 orcs
  5 ball pythons
  5 endoplasms
  4 goblins
  2 jackals (D:1)
  5 kobolds
  A quokka (D:2)
  3 bats
  4 frilled lizards
  6 rats
56 creatures vanquished.

Notes
Turn   | Place    | Note
-------+----------+-------------------------------------------
     0 | D:1      | lonewolfV2 the Demonspawn Fighter began the quest for the
                  | Orb.
     0 | D:1      | Reached XP level 1. HP: 18/18 MP: 1/1
   481 | D:1      | Gained mutation: You have sharp fingernails. [demonic
                  | ancestry]
   481 | D:1      | Reached XP level 2. HP: 24/24 MP: 2/2
  1150 | D:2      | Found a faded altar of an unknown god.
  1319 | D:2      | Prayed at the altar of an unknown god.
  1319 | D:2      | Became a worshipper of Xom the Psychotic
  1364 | D:2      | Gained mutation: You are partially covered in yellow
                  | scales. (AC +2) [demonic ancestry]
  1364 | D:2      | Reached XP level 3. HP: 19/29 MP: 3/3
  1492 | D:2      | XOM: divination: detect items
  1765 | D:2      | XOM: silly message
  1895 | D:2      | XOM: silly message
  2013 | D:3      | Found a runed translucent door.
  2014 | D:3      | Noticed Crazy Yiuf
  2050 | D:3      | Noticed Pargi
  2065 | D:3      | Killed Pargi
  2066 | D:3      | Reached XP level 4. HP: 28/37 MP: 4/4
  2066 | D:3      | Gained mutation: You regenerate magic rapidly. [demonic
                  | ancestry]
  2066 | D:3      | Reached XP level 5. HP: 32/42 MP: 5/5
  2278 | D:3      | XOM: silly message
  2414 | D:3      | Killed Crazy Yiuf
  2418 | D:3      | XOM: scenery: create altars
  2575 | D:4      | Noticed a black bear
  2590 | D:4      | Killed a black bear
  2591 | D:4      | Reached XP level 6. HP: 26/49 MP: 6/6
  2784 | D:4      | Reached skill level 5 in Axes
  2826 | D:4      | XOM: 5-stop teleportation journey
  3040 | D:4      | XOM: scenery: 2 fountains blood, 1 doors close
  3573 | D:5      | Entered Level 5 of the Dungeon
  3581 | D:5      | XOM: scenery: 2 doors open
  3585 | D:5      | Found Ymevosk's Armour Shoppe.
  3585 | D:5      | XOM: snakes to sticks
  3591 | D:5      | XOM: scenery: 2 doors close
  3594 | D:5      | XOM: 3-stop teleportation journey
  3910 | D:5      | XOM: scenery: create altars
  3912 | D:5      | Found a hide-covered altar of Uskayaw.
  3912 | D:5      | Noticed a +0 dagger
  3912 | D:5      | Noticed a +0 dagger
  3941 | D:5      | Reached skill level 5 in Fighting
  3972 | D:5      | XOM: cloud trail
  4080 | D:5      | XOM: god gift: scroll of noise
  4126 | D:5      | HP: 1/51 [orc/+0 flail (5)]
  4129 | D:5      | XOM: divination: detect creatures
  4140 | D:5      | an orc changed into a shapeshifter
  4140 | D:5      | Noticed a shapeshifter (shapeshifter)
  4140 | D:5      | XOM: polymorph orc -> shapeshifter
  4140 | D:5      | a shapeshifter changed into a wind drake
  4140 | D:5      | Noticed a wind drake (shapeshifter)
  4141 | D:5      | Slain by an orc

Illustrated notes

Levels and vault maps discovered:
D:1:      minmay_arrival_plants_in_alcoves, layout_basic
D:2:      layout_loops_ring, basic_ecumenical_altar
D:3:      layout_rooms, serial_park_tiny_1, uniq_pargi, uniq_crazy_yiuf_cottage
D:4:      layout_gridville, nicolae_overflow_hidden_temple,
          kennysheep_another_room
D:5:      layout_basic, dancing_weapons_uskayaw, serial_shops,
          nicolae_shop_behind_doors

Skill      XL: |  1  2  3  4  5  6 |
---------------+-------------------+-----
Axes           | 2 4 5 |  5.4
Fighting       | 4 5 |  5.3
Armour         | |  2.6
Shields        | |  2.6

Action                     |  1- 3 |  4- 6 || total
---------------------------+-------+-------++-------
  Melee: War axe           |   101 |    85 ||   186
    Use: Scroll            |     2 |     6 ||     8
         Potion            |       |     6 ||     6
 Armour: Scale mail        |    71 |    73 ||   144
         Skin              |       |    52 ||    52
  Dodge: Dodged            |    53 |    66 ||   119
  Block: Buckler           |    29 |    25 ||    54
